 Dungeon Crawl Stone Soup version 0.27-a0-1081-ge8a0a9c698 (webtiles) character file.

Game seed: 16417436976681896433

4623 HoaS the Cruncher (level 10, -3/56 HPs)
             Began as a Gargoyle Gladiator on Apr 25, 2021.
             Was a Believer of Okawaru.
             Slain by a komodo dragon (11 damage)
             ... on level 8 of the Dungeon.
             The game lasted 00:16:03 (8233 turns).

HoaS the Cruncher (Gargoyle Gladiator)              Turns: 8233, Time: 00:16:04

Health: -3/56      AC: 15    Str: 22    XL:     10   Next: 42%
Magic:  12/12      EV: 12    Int:  8    God:    Okawaru [**....]
Gold:   589        SH:  0    Dex: 11    Spells: 9/9 levels left

rFire    . . .     SeeInvis .   a - +4 quarterstaff (vorpal)
rCold    . . .     Faith    .   (shield currently unavailable)
rNeg     + + +     Spirit   .   B - +0 troll leather armour {Purgy}
rPois    ∞         Reflect  .   c - +1 helmet
rElec    +         Harm     .   E - +0 cloak
rCorr    .         Rampage  .   o - +0 pair of gloves
Will     .....                  (no boots)
Stlth    +.........             (no amulet)
HPRegen  1.18/turn              r - ring of positive energy
MPRegen  0.13/turn              x - ring of positive energy

@: no status effects
A: AC +7, negative energy resistance 1, electricity resistance, torment
resistance 1, unbreathing 1, petrification resistance
a: Renounce Religion, Heroism


You were on level 8 of the Dungeon.
You worshipped Okawaru.
Okawaru was pleased with you.
You visited 2 branches of the dungeon, and saw 9 of its levels.
You also visited: Sewer and Bailey.

You collected 589 gold pieces.

Inventory:

Hand Weapons
 a - a +4 vorpal quarterstaff (weapon)
Missiles
 b - 180 arrows
 g - 34 poisoned darts (quivered)
 i - 100 bolts
 j - 9 javelins
 n - 40 boomerangs
Armour
 c - a +1 helmet (worn)
 o - a +0 pair of gloves (worn)
 w - a +0 plate armour
 B - a +0 troll leather armour (worn) {Purgy}
 E - a +0 cloak (worn)
Jewellery
 r - a ring of positive energy (left hand)
 x - a ring of positive energy (right hand)
Wands
 v - a wand of mindburst (8)
Scrolls
 t - 6 scrolls of teleportation
 y - 3 scrolls of fear
 D - a scroll of enchant armour
 F - 4 scrolls of blinking
Potions
 e - a potion of haste
 f - 2 potions of invisibility {unknown}
 h - 4 potions of flight
 k - a potion of berserk rage {unknown}
 l - 4 potions of heal wounds
 m - 2 potions of mutation {unknown}
 p - 3 potions of ambrosia
 q - 3 potions of degeneration {unknown}
 s - 2 potions of brilliance {unknown}
 u - 2 potions of lignification {unknown}
 z - a potion of magic {unknown}
 A - a potion of might {unknown}
 C - 2 potions of attraction {unknown}
 G - 2 potions of experience {unknown}


   Skills:
 * Level 3.1 Fighting
 - Level 14.0 Staves
 - Level 1.7 Throwing
 + Level 1.2 Armour
 + Level 2.7 Dodging
 + Level 3.3 Invocations


You had 9 spell levels left.
You didn't know any spells.
Your spell library contained the following spells:

 Spells                   Type           Power      Damage    Failure   Level
 Beastly Appendage        Tmut           0%         N/A       45%         1
 Magic Dart               Conj           0%         1d3       45%         1
 Blink                    Tloc           N/A        N/A       58%         2
 Call Imp                 Summ           0%         N/A       58%         2
 Slow                     Hex            0%         N/A       58%         2
 Wereblood                Tmut           0%         N/A       58%         2
 Conjure Flame            Conj/Fire      0%         6-21      83%         3
 Mephitic Cloud           Conj/Pois/Air  0%         N/A       83%         3
 Spider Form              Tmut/Pois      0%         N/A       83%         3
 Ice Form                 Ice/Tmut       0%         N/A       99%         4
 Hydra Form               Tmut           0%         N/A       100%        5


Dungeon Overview and Level Annotations

Branches:
Dungeon (8/15)             Temple (1/1) D:6            Lair (0/6) D:8
  Sewer (visited)          Bailey (visited)

Altars:
Ashenzari
Cheibriados
Dithmenos
Elyvilon
Fedhas
Gozag
Hepliaklqana
Kikubaaqudgha
Makhleb
Nemelex Xobeh
Okawaru
Qazlal
Ru
Sif Muna
Trog
Uskayaw
Vehumet
Wu Jian
Xom
Yredelemnul
Zin
The Shining One

Shops:
D:3 [


Innate Abilities, Weirdness & Mutations

Your stone body is resilient. (AC +7)
You are immune to poison.
You resist negative energy. (rN+)
You are resistant to electric shocks. (rElec)
You are resistant to unholy torment.
You can survive without breathing.
You are immune to petrification.


Message History

You now have 566 gold pieces (gained 11).
b - 180 arrows (gained 25)
You see here a +0 shortbow.
You see here a +0 shortbow.
As you open the door, it creaks loudly!
There is an open door here.
You now have 578 gold pieces (gained 12).
Found a glowing scale mail.
Found a staircase to the Lair.
The komodo dragon hisses angrily.
The komodo dragon bites the plant!
The plant begins to die.
You now have 589 gold pieces (gained 11).
The komodo dragon bites the plant.
The komodo dragon bites the plant!!
The plant begins to die.
A nearby plant withers and dies.
The komodo dragon bites the plant!!
A komodo dragon is nearby!
A komodo dragon is nearby!
No reachable target in view!
No reachable target in view!
No reachable target in view!
No reachable target in view!
The komodo dragon bites the plant!!
The komodo dragon bites the plant!
The plant begins to die.
A nearby plant withers and dies.
A nearby plant withers and dies.
You throw a throwing net.
The throwing net barely misses the komodo dragon.
You throw a throwing net.
The throwing net barely misses the komodo dragon.
The komodo dragon bites you!!
You thump the komodo dragon!
The komodo dragon is moderately wounded.
The komodo dragon bites you!!
* * * LOW HITPOINT WARNING * * *
You hit the komodo dragon.
The komodo dragon is heavily wounded.
You bludgeon the komodo dragon!!
The komodo dragon is almost dead.
The komodo dragon bites you!
You die...

#.............+...
#.#############...
#.# #... #.# #...
#.# #... #.# #...
#.# #..) #.# ##..
#@# #.. #l# ###
#.# #.#######
#......[#
###.#####..
###.....###
##....(....##
#P.PPP......#


You could see a komodo dragon.

Vanquished Creatures
  An orc warlord (Bailey)
  Eustachio (D:4)
  A steam dragon (D:7)
  Menkaure (D:7)
  A water moccasin (D:6)
  Purgy (Sewer)
  3 sky beasts
  2 ice beasts
  3 orc warriors (Bailey)
  2 centaurs (D:8)
  4 ogres
  A necrophage (D:7)
  A phantom (D:4)
  Blork the orc (D:5)
  A scorpion (D:4)
  2 water moccasin zombies (D:5)
  A wyvern skeleton (D:6)
  A vampire bat (D:7)
  2 howler monkeys
  3 centaur zombies
  An orc priest (D:3)
  Crazy Yiuf (D:5)
  A hound (D:3)
  4 gnoll shamans
  A bullfrog skeleton (D:5)
  5 orc wizards
  2 killer bee zombies
  A hound skeleton (D:5)
  30 gnolls
  11 adders
  A shadow imp (D:5)
  A white imp (D:6)
  An ufetubus (D:6)
  An adder skeleton (D:4)
  3 worms
  2 dart slugs
  39 orcs
  9 ball pythons
  4 endoplasms
  9 giant cockroaches
  9 goblins
  14 hobgoblins
  14 jackals
  4 quokkas
  12 bats
  6 frilled lizards
  20 kobolds
  A quokka skeleton (D:4)
  4 rats
244 creatures vanquished.

Vanquished Creatures (others)
  8 plants
8 creatures vanquished.

Grand Total: 252 creatures vanquished

Notes
Turn   | Place    | Note
-------+----------+-------------------------------------------
     0 | D:1      | HoaS the Gargoyle Gladiator began the quest for the Orb.
     0 | D:1      | Reached XP level 1. HP: 12/12 MP: 1/1
   119 | D:1      | Reached XP level 2. HP: 8/17 MP: 2/2
   529 | D:1      | Reached skill level 4 in Staves
   529 | D:1      | Reached XP level 3. HP: 11/21 MP: 3/3
   725 | D:1      | Found a faded altar of an unknown god.
  1538 | D:2      | Reached XP level 4. HP: 26/26 MP: 4/4
  1687 | D:2      | Noticed a sky beast
  1696 | D:2      | Killed a sky beast
  1697 | D:2      | Reached skill level 5 in Staves
  1697 | D:2      | Reached XP level 5. HP: 22/30 MP: 5/5
  1807 | D:3      | Found Eseaqig's Antique Armour Emporium.
  1816 | D:3      | Reached skill level 6 in Staves
  2129 | D:3      | You fall into a shaft and drop 1 floor!
  2129 | D:4      | Found a glowing golden altar of the Shining One.
  2129 | D:4      | Found an ancient bone altar of Kikubaaqudgha.
  2129 | D:4      | Found a hide-covered altar of Uskayaw.
  2129 | D:4      | Found a burning altar of Makhleb.
  2130 | D:4      | Noticed a phantom
  2145 | D:4      | Killed a phantom
  2146 | D:4      | Reached XP level 6. HP: 26/35 MP: 6/6
  2353 | D:3      | Found a hazy altar of Hepliaklqana.
  2743 | D:3      | Reached skill level 7 in Staves
  2914 | D:3      | Reached XP level 7. HP: 20/40 MP: 7/7
  3078 | D:3      | Reached skill level 8 in Staves
  3949 | D:4      | Reached skill level 9 in Staves
  4028 | D:4      | Reached XP level 8. HP: 42/44 MP: 8/8
  4139 | D:4      | Found the +8 whip "Snakebite" {curare, rPois}
  4212 | D:4      | Noticed Eustachio
  4230 | D:4      | Killed Eustachio
  4343 | D:4      | You fall into a shaft and drop 2 floors!
  4356 | D:6      | Reached skill level 10 in Staves
  4429 | D:6      | Found a glowing drain.
  4446 | Sewer    | Entered a sewer
  4494 | Sewer    | Noticed Purgy
  4506 | Sewer    | Killed Purgy
  4820 | D:6      | Reached skill level 11 in Staves
  4929 | D:6      | Reached XP level 9. HP: 48/48 MP: 9/9
  4960 | D:5      | Entered Level 5 of the Dungeon
  5353 | D:5      | Reached skill level 12 in Staves
  5440 | D:5      | Found a runed translucent door.
  5441 | D:5      | Noticed Crazy Yiuf
  5963 | D:5      | Noticed Blork the orc
  5975 | D:5      | Killed Blork the orc
  6101 | D:5      | Killed Crazy Yiuf
  6471 | D:6      | Found a staircase to the Ecumenical Temple.
  6480 | Temple   | Entered the Ecumenical Temple
  6583 | Temple   | Became a worshipper of Warmaster Okawaru
  6818 | D:7      | Reached skill level 1 in Invocations
  6874 | D:7      | Noticed Menkaure
  6892 | D:7      | Killed Menkaure
  7311 | D:7      | Found a shadowy altar of Dithmenos.
  7587 | D:8      | Found a flagged portal.
  7593 | D:8      | Reached skill level 13 in Staves
  7602 | Bailey   | Entered a bailey
  7607 | Bailey   | Noticed an orc warlord
  7684 | Bailey   | Reached * piety under Okawaru
  7718 | Bailey   | Found a runed translucent gate.
  7718 | Bailey   | Found a runed translucent gate.
  7718 | Bailey   | Found a runed translucent gate.
  7746 | Bailey   | Reached XP level 10. HP: 42/53 MP: 12/12
  7992 | Bailey   | HP: 1/53 [orc warlord/+0 war axe (29)]
  8001 | Bailey   | Killed an orc warlord
  8001 | Bailey   | Reached ** piety under Okawaru
  8002 | Bailey   | Reached skill level 14 in Staves
  8002 | Bailey   | Reached skill level 1 in Armour
  8211 | D:8      | Found a staircase to the Lair.
  8233 | D:8      | Slain by a komodo dragon

Illustrated notes

Levels and vault maps discovered:
D:1:      amcnicky_arrival_single_pillar, layout_rooms,
          hellmonk_ecumenical_altar_arch_garden, minmay_ruptured
D:2:      layout_basic
D:3:      lemuel_castle_with_subvaults [lemuel_castle_interior_carwin_3],
          layout_loops_ring, marbit_many_paths, serial_shops, shop
D:4:      layout_basic, grunt_temple_overflow_open, uniq_eustachio
D:5:      corexii_shack_village, layout_loops_ring, minmay_misc_feat_room,
          dk_noncrumbling_2, uniq_crazy_yiuf_cottage, uniq_blork_the_orc
D:6:      layout_loops_ring, minmay_temple_entry_poolview, gup_sewer_entry_pipe
D:7:      layout_loops_ring, general_overflow_altar, roderic_batcave,
          nrook_mini_vaults, uniq_menkaure
D:8:      layout_basic, david_lair_shrubbed, enter_bailey_2, uniq_maurice
Temple:   kb_temple_of_zot

Skill      XL: |  1  2  3  4  5  6  7  8  9 10 |
---------------+-------------------------------+-----
Staves         | 4 5 6 7 9 11 13 14 | 14.0
Invocations    | 3 |  3.3
Armour         | 1 |  1.2
Fighting       | 3 |  3.1
Throwing       | |  1.7
Dodging        | |  2.7

Action                   |  1- 3 |  4- 6 |  7- 9 | 10-12 || total
-------------------------+-------+-------+-------+-------++-------
Melee: Quarterstaff      |    85 |   117 |   473 |    45 ||   720
Throw: Throwing net      |     1 |     2 |     1 |     5 ||     9
       Boomerang         |       |       |     3 |     4 ||     7
       Dart              |       |       |       |     3 ||     3
Evoke: Wand              |       |       |       |     1 ||     1
  Use: Scroll            |     7 |     4 |     7 |       ||    18
       Potion            |       |       |       |     2 ||     2
 Stab: Held in net/web   |       |     1 |       |     1 ||     2
Armor: Leather armour    |    28 |       |       |       ||    28
       Ring mail         |     3 |    37 |       |       ||    40
       Chain mail        |       |    30 |   138 |       ||   168
       Troll leather arm |       |       |   103 |    12 ||   115
       Steam dragon scal |       |       |     3 |       ||     3
Dodge: Dodged            |    47 |    58 |   210 |    14 ||   329

Table legend: (Time is in decaauts)
 A = Elapsed time spent in this place.
 B = Non-inter-level travel time spent in this place.
 C = Inter-level travel time spent in this place.
 D = Time resting spent in this place.
 E = Time spent auto-exploring this place.
 F = Levels seen in this place.
 G = Mean time per level.
                   A        B        C        D        E       F      G
               +--------+--------+--------+--------+--------+-----+--------+
         Total |   8160 |   7836 |    324 |   1362 |   4742 |  11 |  741.8 |
       Dungeon |   7350 |   7042 |    308 |   1306 |   4334 |   8 |  918.8 |
        Temple |    107 |     91 |     16 |      0 |     90 |   1 |  107.0 |
         Sewer |    227 |    227 |      0 |      0 |    106 |   1 |  227.0 |
        Bailey |    474 |    474 |      0 |     56 |    212 |   1 |  474.0 |
               +--------+--------+--------+--------+--------+-----+--------+

Top non-repeatable levels by time:
     D:3: 1912 daAuts
     D:5: 1110 daAuts
     D:1: 947 daAuts
     D:2: 870 daAuts
     D:7: 841 daAuts
     D:6: 792 daAuts
     D:4: 730 daAuts
  Bailey: 474 daAuts
   Sewer: 227 daAuts
     D:8: 145 daAuts
  Temple: 107 daAuts
